 Dungeon Crawl Stone Soup version 0.20.0-10-g0535bb4 (webtiles) character file.

156 theElss the Cudgeler (level 5, -5/34 HPs)
             Began as a Gargoyle Berserker on June 3, 2017.
             Was a Believer of Trog.
             Slain by a gnoll
             ... wielding a +0 halberd
              (11 damage)
             ... on level 3 of the Dungeon.
             The game lasted 00:04:34 (2349 turns).

theElss the Cudgeler (Gargoyle Berserker)           Turns: 2349, Time: 00:04:35

Health: -5/34      AC:  6    Str: 21    XL:     5   Next: 37%
Magic:  5/5        EV: 12    Int:  8    God:    Trog [**....]
Gold:   114        SH:  0    Dex:  9    Spells: 4/4 levels left

rFire    . . .     SeeInvis .   a - +0 mace
rCold    . . .     Gourm    .   (no shield)
rNeg     + . .     Faith    .   b - +0 animal skin
rPois    ∞         Spirit   .   (no helmet)
rElec    +         Reflect  .   (no cloak)
rCorr    .         Harm     .   (no gloves)
MR       .....                  (no boots)
Stlth    +.........             (no amulet)
Regen    0.2/turn               (no ring)
MPRegen  0.1/turn               (no ring)

@: no status effects
A: negative energy resistance 1, electricity resistance, unbreathing,
petrification resistance, rot immunity, AC +4
a: Berserk, Trog's Hand, Burn Spellbooks, Renounce Religion


You were on level 3 of the Dungeon.
You worshipped Trog.
Trog was pleased with you.
You were not hungry.

You visited 1 branch of the dungeon, and saw 3 of its levels.

You collected 114 gold pieces.

Inventory:

Hand Weapons
 a - a +0 mace (weapon)
Armour
 b - a +0 animal skin (worn)
Scrolls
 d - 2 scrolls of teleportation {unknown}
 e - a scroll of remove curse {unknown}
 h - 3 scrolls of identify {unknown}
 l - 2 scrolls of amnesia {unknown}
 o - a scroll of enchant armour {unknown}
Potions
 f - a potion of flight {unknown}
 j - a potion of ambrosia {unknown}
 k - 2 potions of curing {unknown}
 m - a potion of mutation {unknown}
 n - a potion of heal wounds {unknown}
 p - 2 potions of haste {unknown}
 q - a potion of agility {unknown}
Comestibles
 c - 2 bread rations
 g - 2 royal jellies
 i - a meat ration


   Skills:
 + Level 4.3 Fighting
 + Level 4.7 Maces & Flails
 + Level 2.3 Armour
 + Level 2.3 Dodging


You had 4 spell levels left.
You didn't know any spells.

Dungeon Overview and Level Annotations

Branches:
Dungeon (3/15)

Altars:
Elyvilon


Innate Abilities, Weirdness & Mutations

You are resistant to torment.
Your stone body is resilient. (AC +4)
You are immune to poison.
You resist negative energy. (rN+)
You are resistant to electric shocks. (rElec)
You can survive without breathing.
You are immune to petrification.
You are immune to rotting.


Message History

The gnoll is moderately wounded.
The gnoll hits you with a spear.
You hit the gnoll.
The gnoll is severely wounded.
The gnoll misses you. The gnoll hits you with a spear.
You thump the gnoll!
You kill the gnoll!
Trog accepts your kill. The gnoll misses you.
The gnoll hits you with a halberd!
* * * LOW HITPOINT WARNING * * *
Items here: ))) † a spear; a whip; a spear; a gnoll corpse You sock the gnoll!
The gnoll is severely wounded.
The gnoll closely misses you.
You hit the gnoll but do no damage.
The gnoll is severely wounded.
The gnoll hits you with a halberd!
You die...

#.....###.###
#.#)#.......#########
#.#.#####.#.##......#
#.........#.##.####.#
###+#######......##.#
####.#.##.# ##......#
##.##.#### ####...#@#
+.......g# ####...#.#
##.##.# ####.# ...
.#.#. #.#.#g# # #.# #


You could see a gnoll.

Vanquished Creatures
  3 gnolls (D:3)
  6 adders
  An ooze (D:3)
  2 worms (D:2)
  A dart slug (D:1)
  A leopard gecko (D:2)
  3 orcs (D:3)
  4 bats
  2 giant cockroaches
  8 goblins
  6 hobgoblins
  9 kobolds
  2 ball pythons
  5 frilled lizards
  9 rats
62 creatures vanquished.

Notes
Turn   | Place    | Note
-------+----------+-------------------------------------------
     0 | D:1      | theElss the Gargoyle Berserker began the quest for the Orb.
     0 | D:1      | Reached XP level 1. HP: 14/14 MP: 1/1
   220 | D:1      | Reached XP level 2. HP: 19/19 MP: 2/2
   511 | D:1      | Reached XP level 3. HP: 21/24 MP: 3/3
  1017 | D:2      | Reached ** piety under Trog
  1050 | D:2      | Reached XP level 4. HP: 17/29 MP: 4/4
  1710 | D:3      | Found a white marble altar of Elyvilon.
  1980 | D:3      | Reached XP level 5. HP: 16/33 MP: 5/5
  2349 | D:3      | Slain by a gnoll

Skill      XL: |  1  2  3  4 |
---------------+-------------+-----
Fighting       | 4 |  4.3
Maces & Flails | 4 |  4.7
Dodging        | 2 |  2.3
Armour         | |  2.3

Action                   |  1- 3 |  4- 6 || total
-------------------------+-------+-------++-------
Melee: Mace              |    91 |   126 ||   217
Invok: Berserk           |     1 |       ||     1
 Stab: Sleeping          |     1 |     1 ||     2
  Eat: Chunk             |     1 |     5 ||     6
Armor: Animal skin       |    35 |    46 ||    81
Dodge: Dodged            |    39 |    95 ||   134
